Map: Alcyone LE

Players

A.I. 1 (Very Easy) - Winner!

  • Race: Protoss Protoss
  • Spawn Location: 7:00

lllIlIlIII

  • Race: Terran Terran
  • League: Silver
  • Spawn Location: 1:00

VOD

Have the link to the VOD?

Description

Time

  • Played on: Sept. 16, 2024, 11:56 a.m.
  • Length: 8:15
Show
View Real Time Build Order
Export as new Build Order

A.I. 1 (Very Easy) Protoss - Winner!

Build Orders: 1 Gate Expand, Nexus First 

Get SALT Encoding   

  12  0:00  Probe  
  13  0:13  Probe  
  14  0:19  Pylon  
  14  0:42  Gateway  
  14  1:00  Nexus  
  14  1:20  Pylon  
  14  1:21  Zealot  
  14  1:22  Assimilator  
  16  1:36  Cybernetics Core  
  16  1:38  Probe  
  17  1:50  Probe  
  18  2:00  Assimilator, Probe  
  19  2:08  Probe  
  19  2:13  Stalker  
  22  2:16  Warp Gate  
  22  2:17  Probe  
  22  2:21  Probe  
  24  2:32  Probe  
  24  2:39  Probe  
  24  2:46  Probe  
  24  2:48  Assimilator  
  25  2:53  Probe  
  25  2:55  Pylon  
  26  3:00  Probe  
  27  3:08  Probe  
  27  3:11  Probe  
  29  3:22  Probe  
  29  3:23  Adept  
  32  3:29  Probe  
  33  3:34  Robotics Facility  
  33  3:36  Probe  
  34  3:44  Probe  
  35  3:51  Probe  
  36  3:58  Probe  
  37  4:04  Probe  
  38  4:12  Probe  
  38  4:15  Probe  
  39  4:22  Observer  
  39  4:23  Assimilator  
  41  4:26  Probe  
  41  4:30  Probe  
  42  4:33  Sentry  
  45  4:39  Observer  
  45  4:41  Probe  
  45  4:45  Pylon  
  47  4:48  Probe  
  48  4:55  Probe  
  49  5:02  Probe  
Show
View Real Time Build Order
Export as new Build Order

lllIlIlIII Terran 

Build Orders: Reaper Expand 

Get SALT Encoding   

  12  0:00  SCV  
  13  0:12  SCV  
  14  0:17  Supply Depot  
  14  0:24  SCV  
  15  0:39  SCV, Barracks  
  16  0:44  Refinery  
  16  0:51  SCV  
  17  1:03  SCV  
  18  1:15  SCV  
  19  1:26  Barracks Reactor  
  19  1:29  Orbital Command  
  19  1:30  Reaper  
  20  1:40  Command Center  
  20  1:48  Supply Depot  
  20  1:55  SCV  
  21  2:02  Marine  
  21  2:07  SCV  
  23  2:10  Factory  
  23  2:19  SCV  
  23  2:20  Refinery  
  24  2:26  Barracks Reactor, Bunker  
  24  2:31  SCV  
  25  2:43  SCV  
  26  2:53  Orbital Command  
  26  2:55  SCV  
  26  2:56  Starport  
  27  3:03  Marine x2  
  27  3:05  Factory Tech Lab  
  29  3:07  SCV  
  30  3:18  SCV  
  30  3:19  SCV  
  32  3:21  Marine x2  
  32  3:23  Siege Tank  
  37  3:31  SCV x2  
  37  3:32  Supply Depot  
  39  3:35  Starport Tech Lab  
  39  3:42  Marine x2  
  39  3:43  SCV  
  39  3:44  SCV  
  43  3:55  Siege Tank  
  46  3:58  SCV x2, Supply Depot  
  48  4:10  SCV x2  
  48  4:12  Barracks  
  48  4:13  Barracks  
  52  4:17  Marine x2, Raven  
  52  4:22  SCV x2  
  56  4:34  SCV x2  
  56  4:37  Refinery  
  58  4:38  Engineering Bay  
  58  4:45  Supply Depot  
  58  4:46  SCV x2  
  58  4:49  Supply Depot  
  60  4:58  SCV x2  
  62  5:05  Starport Reactor, Barracks Tech Lab  
  65  5:10  SCV  
  65  5:11  SCV  
  65  5:12  Marine x2  
  65  5:13  Stimpack  
  69  5:14  Supply Depot  
  69  5:17  Terran Infantry Weapons Level 1  
  69  5:20  Refinery  
  66  5:22  Command Center  
  66  5:23  SCV x2  
  66  5:27  Combat Shield  
  68  5:35  SCV x2  
  70  5:36  Marine x2  
  70  5:37  Marauder  
  70  5:38  Marauder  
  70  5:40  Supply Depot  
  76  5:44  Missile Turret  
  76  5:46  Viking, Medivac  
  76  5:48  SCV  
  76  5:49  SCV  
  82  5:59  Barracks  
  82  6:03  Marauder  
  82  6:04  Barracks  
  84  6:11  Armory, Engineering Bay  
  84  6:13  SCV x2  
  88  6:19  Siege Tank  
  88  6:23  Marauder, Marine  
  88  6:25  SCV x2  
  93  6:31  Supply Depot x2  
  94  6:34  Orbital Command  
  94  6:41  SCV x2  
  94  6:44  Marauder, Marine  
  94  6:45  Marauder  
  101  6:50  Barracks Tech Lab  
  101  6:51  Barracks Tech Lab  
  101  6:52  Siege Tank  
  104  6:59  Orbital Command  
  104  7:07  Marine  
  104  7:08  Marauder x2, Marine, Supply Depot  
  110  7:09  Marauder  
  110  7:10  Marauder, Medivac  
  110  7:11  Medivac  
  118  7:30  SCV x3  
  118  7:32  Marauder x3, Marine, Refinery  
  128  7:39  Supply Depot  
  128  7:40  Supply Depot  
  128  7:42  SCV x2  
  130  7:44  Missile Turret  
  130  7:53  Missile Turret  
  137  8:07  Refinery, Supply Depot  
Tags
 
Add a new tag
Caveats
  • Supply blocks, unpowered buildings, or Contaminate may cause inaccurate times.
  • Supply counts are checked every 10 seconds.